 Dungeon Crawl Stone Soup version 0.18-a0-1702-gd20c6a5 (webtiles) character file.

35 xeno23 the Vexing (level 3, 0/25 HPs)
             Began as a Vampire Enchanter on Apr 7, 2016.
             Slain by Natasha (5 damage)
             ... on level 2 of the Dungeon.
             The game lasted 00:03:02 (754 turns).

xeno23 the Vexing (Vampire Enchanter)                Turns: 754, Time: 00:03:02

Health: 0/25       AC:  3    Str:  8    XL:     3   Next: 16%
Magic:  4/6        EV: 12    Int: 17    God:
Gold:   38         SH:  0    Dex: 14    Spells: 3 memorised, 0 levels left

rFire  . . .     SeeInvis +     k - +1 dagger (venom)
rCold  . . .     Gourm    .     b - +1 robe
rNeg   . . .     Faith    .     (no shield)
rPois  .         Spirit   .     (no helmet)
rElec  .         Dismiss  .     (no cloak)
rCorr  .         Reflect  .     (no gloves)
SustAt .         Harm     .     (no boots)
MR     .....                    (no amulet)
Stlth  +++.......               (no ring)
                                (no ring)

@: very slightly contaminated, regenerating quickly, not resistant to hostile
enchantments, fairly stealthy
A: fangs 3, see invisible, unbreathing
a: no special abilities


You were on level 2 of the Dungeon.
You were full.

You visited 1 branch of the dungeon, and saw 2 of its levels.

You collected 38 gold pieces.

Inventory:

Hand Weapons
 k - a +1 dagger of venom (weapon)
Armour
 b - a +1 robe (worn)
Scrolls
 f - a scroll of enchant armour {unknown}
 g - a scroll of fog {unknown}
 h - a scroll of random uselessness {unknown}
 i - 2 scrolls of identify {unknown}
 j - a scroll of remove curse {unknown}
Potions
 d - 2 potions of blood
 e - a potion of agility {unknown}
Books
 c - a book of Maledictions

   Spells                             Type                      Level
   a - Corona                         Hexes                        1
   b - Ensorcelled Hibernation        Hexes/Ice                    2
   c - Confuse                        Hexes                        3
   d - Tukima's Dance                 Hexes                        3
   e - Dazzling Spray                 Conjuration/Hexes            3


   Skills:
 + Level 0.8 Fighting
 * Level 1.7 Short Blades
 + Level 2.2 Dodging
 + Level 4.6 Stealth
 + Level 2.1 Spellcasting
 * Level 5.2 Hexes


You couldn't memorise any spells.
You knew the following spells:

 Your Spells              Type           Power        Failure   Level  Hunger
a - Confuse               Hex            ###.....     10%         3    ###....
c - Corona                Hex            ###....      2%          1    #......
f - Ensorcelled Hibernat  Hex/Ice        ##....       12%         2    ###....


Dungeon Overview and Level Annotations

Branches:
Dungeon (2/15)

Altars:

Annotations:
D:2 Natasha, Terence


Innate Abilities, Weirdness & Mutations

Your natural rate of healing is unusually fast.
You have razor-sharp teeth.
You have supernaturally acute eyesight.
You can survive without breathing.


Message History

The kobold is heavily wounded.
The kobold closely misses you.
You hit the kobold.
You kill the kobold!
Things that are here:
a whip; a kobold corpse You miss Natasha.
Natasha misses you.
You hit Natasha but do no damage. Natasha claws you!
* * * LOW HITPOINT WARNING * * *
You take 10 damage.
You are too injured to fight recklessly!
Casting: Corona
Confirm with . or Enter, or press ? or * to list all spells.
Aiming: Ensorcelled Hibernation
Press: ? - help, Shift-Dir - straight line, f - Natasha
Aim: Natasha (chance to defeat MR: 41%)
You miscast Ensorcelled Hibernation.
You are very lightly contaminated with residual magic.
The light around you dims momentarily. Natasha claws you.
You die...

# #<#
####.###.#
.......<.#
.....##..##
### ##...##
##.....##
#.......#
#...†...#
#...@...#
##.!h..##
#....##
....>..
.........
##.......##
.......##
####...##


You could see Natasha.

Vanquished Creatures
  2 dart slugs (D:1)
  2 giant geckos
  2 ball pythons (D:1)
  2 bats (D:1)
  2 giant cockroaches (D:1)
  A goblin (D:1)
  2 hobgoblins (D:1)
  9 kobolds
  A giant newt (D:1)
  4 rats (D:1)
27 creatures vanquished.

Notes
Turn   | Place    | Note
--------------------------------------------------------------
     0 | D:1      | xeno23 the Vampire Enchanter began the quest for the Orb.
     0 | D:1      | Reached XP level 1. HP: 13/13 MP: 3/3
   121 | D:1      | Reached XP level 2. HP: 14/20 MP: 5/5
   408 | D:1      | Reached skill level 5 in Hexes
   668 | D:2      | Noticed Terence
   688 | D:1      | Learned a level 2 spell: Ensorcelled Hibernation
   709 | D:1      | Reached XP level 3. HP: 13/25 MP: 6/6
   734 | D:1      | Learned a level 3 spell: Confuse
   748 | D:2      | Noticed Natasha
   754 | D:2      | Slain by Natasha

Vault maps used:
D:1:      dpeg_arrival_pits
D:2:      okawaru_ov_weapons_minmay, ecumenical_altar_2, uniq_natasha,
          uniq_terence, uniq_robin, uniq_sigmund

Skill      XL: |  1  2 |
---------------+-------+-----
Hexes          | 5 |  5.2
Fighting       | |  0.8
Short Blades   | |  1.7
Dodging        | |  2.2
Stealth        | |  4.6
Spellcasting   | |  2.1

Action                   || total
-------------------------++-------
Melee: Dagger            ||   103
 Cast: Corona            ||     1
 Stab: Sleeping          ||     6
  Eat: Corpse            ||     4
